 Dungeon Crawl Stone Soup version 0.29.0-13-gc9e81de378 (webtiles) character file.

Game seed: 7277492545582243007

105 Pim the Chiller (level 5, -4/39 HPs)
             Began as a Human Ice Elementalist on Sept 10, 2022.
             Killed from afar by an orc wizard (9 damage)
             ... with a puff of flame
             ... on level 3 of the Dungeon.
             The game lasted 00:03:00 (2481 turns).

Pim the Chiller (Human Ice Elementalist)            Turns: 2481, Time: 00:03:01

Health: -4/39      AC:  3    Str: 10    XL:     5   Next: 8%
Magic:  5/8        EV: 12    Int: 16    God:
Gold:   101        SH:  0    Dex: 13    Spells: 2/9 levels left

rFire   . . .      SeeInvis .   a - +2 dagger (vamp)
rCold   . . .      Faith    .   (no shield)
rNeg    . . .      Spirit   .   i - +0 leather armour
rPois   .          Reflect  .   (no helmet)
rElec   .          Harm     .   (no cloak)
rCorr   .          Rampage  .   (no gloves)
Will    .....                   (no boots)
Stlth   ++........              (no amulet)
HPRegen 0.13/turn               (no ring)
MPRegen 0.11/turn               (no ring)

@: no status effects
A: no striking features
a: no special abilities


You were on level 3 of the Dungeon.
You visited 1 branch of the dungeon, and saw 3 of its levels.

You collected 101 gold pieces.

Inventory:

Hand Weapons
 a - a +2 vampiric dagger (weapon)
 b - a +0 short sword of venom
Missiles
 n - 2 poisoned darts
Armour
 e - a +0 robe
 i - a +0 leather armour (worn)
Scrolls
 c - a scroll of enchant weapon {unknown}
 f - 2 scrolls of immolation {unknown}
 g - a scroll of identify {unknown}
 h - a scroll of vulnerability {unknown}
 j - a scroll of magic mapping {unknown}
 l - a scroll of summoning {unknown}
Potions
 d - a potion of curing {unknown}
 k - a potion of might {unknown}
 m - a potion of magic


   Skills:
 * Level 2.4 Fighting
 + Level 2.7 Dodging
 - Level 2.0 Stealth
 + Level 2.6 Spellcasting
 + Level 4.4 Ice Magic


You had 2 spell levels left.
You knew the following spells:

 Your Spells              Type           Power      Damage    Failure   Level
a - Freeze                Ice            64%        1d8       4%          1
b - Frozen Ramparts       Ice            32%        1d5       13%         3
c - Ozocubu's Armour      Ice            16%        N/A       13%         3

Your spell library contained the following spells:

 Spells                   Type           Power      Damage    Failure   Level
 Magic Dart               Conj           8%         1d3       26%         1
 Blink                    Tloc           4%         N/A       38%         2
 Searing Ray              Conj           4%         2d4       38%         2
 Lesser Beckoning         Tloc           2%         N/A       63%         3
 Portal Projectile        Hex/Tloc       4%         N/A       63%         3
 Tukima's Dance           Hex            2%         N/A       63%         3
 Hailstorm                Conj/Ice       9%         3d4       71%         4
 Fulminant Prism          Conj/Hex       1%         3d6       95%         4
 Blade Hands              Tmut           1%         N/A       100%        5
 Manifold Assault         Tloc           2%         N/A       100%        5


Dungeon Overview and Level Annotations

Branches:
Dungeon (3/15)

Altars:


Message History

The slug dart hits you.
The wall freezes the orc wizard.
The orc wizard hits you with a +0 dagger.
The wall freezes the orc but does no damage.
The orc hits you with a +0 club.
The frozen ramparts melt away.
The orc hits you but does no damage.
The orc wizard points at you and mumbles some strange words.
You resist with some effort. The orc hits you with a +0 club.
The orc wizard misses you.
You're too confused to cast spells.
You bump into the rock wall.
You feel less confused. The orc misses you.
The orc wizard points at you and mumbles some strange words.
You are confused.
You bump into the rock wall.
The orc wizard casts a spell.
The orc wizard flickers and vanishes!
Deactivating autopickup; reactivate with Ctrl-A.
The orc hits you with a +0 club.
You completely miss something.
You hear some strange, mumbled words.
A magic dart appears from out of thin air!
The magic dart hits you. The orc hits you but does no damage.
The dart slug bites you.
You bump into the rock wall.
The orc misses you. Something hits you but does no damage.
You're too confused to cast spells.
You bump into the rock wall.
The dart slug barely misses you. Something hits you.
* * * LOW HITPOINT WARNING * * *
The orc hits you with a +0 club.
* * * LOW HITPOINT WARNING * * *
You hit the dart slug.
The dart slug is moderately wounded.
You feel less confused. The orc closely misses you.
You hear some strange, mumbled words.
A puff of flame appears from out of thin air!
The puff of flame hits you!
You die...

###########.
#{@w........
.......#o<.......
...#####.........
. #.........
#.........
..........
..........:
...........
..#.........


You could see a dart slug and an orc.

Vanquished Creatures
  An orc wizard (D:2)
  2 adders (D:2)
  A worm (D:2)
  3 dart slugs
  An orc (D:3)
  6 bats
  4 endoplasms
  5 giant cockroaches
  7 goblins
  3 hobgoblins
  3 quokkas (D:1)
  6 ball pythons
  3 kobolds
  2 rats (D:1)
47 creatures vanquished.

Notes
Turn   | Place    | Note
-------+----------+-------------------------------------------
     0 | D:1      | Pim the Human Ice Elementalist began the quest for the Orb.
     0 | D:1      | Reached XP level 1. HP: 13/13 MP: 3/3
    79 | D:1      | Reached XP level 2. HP: 3/20 MP: 0/5
   423 | D:1      | Reached skill level 1 in Fighting
   758 | D:1      | Reached XP level 3. HP: 24/26 MP: 2/6
   933 | D:1      | Found a faded altar of an unknown god.
  1223 | D:1      | Learned a level 3 spell: Frozen Ramparts
  1613 | D:2      | Reached XP level 4. HP: 31/33 MP: 0/7
  1893 | D:2      | Learned a level 3 spell: Ozocubu's Armour
  2407 | D:2      | Reached XP level 5. HP: 35/39 MP: 1/8
  2481 | D:3      | Killed from afar by an orc wizard

Illustrated notes

Levels and vault maps discovered:
D:1:      lemuel_arrival_rhombus, layout_basic,
          hellmonk_ecumenical_altar_defaced_shrine, minmay_misc_feat_tiny
D:2:      layout_rooms
D:3:      layout_rooms

Skill      XL: |  1  2  3  4 |
---------------+-------------+-----
Fighting       | 1 2 |  2.4
Dodging        | |  2.7
Stealth        | |  2.0
Spellcasting   | |  2.6
Ice Magic      | |  4.4

Action                   |  1- 3 |  4- 6 || total
-------------------------+-------+-------++-------
Melee: Dagger            |    39 |     9 ||    48
       Unarmed           |     1 |       ||     1
       Punch             |     1 |       ||     1
 Cast: Freeze            |    45 |    26 ||    71
       Frozen Ramparts   |       |     1 ||     1
 Stab: Sleeping          |     4 |       ||     4
Armor: Robe              |    16 |       ||    16
       Leather armour    |     3 |     9 ||    12
Dodge: Dodged            |    50 |    27 ||    77
